 Dungeon Crawl Stone Soup version 0.31-a0-4-gefa6de2278 (webtiles) character file.

Game seed: 16462759371183065635

32 BigDaddyOpFi the Digger (level 3, -3/26 HPs)
             Began as a Meteoran Earth Elementalist on May 3, 2023.
             Slain by a gnoll
             ... wielding a +0 flail
              (9 damage)
             ... on level 2 of the Dungeon.
             The game lasted 00:01:13 (633 turns).

BigDaddyOpFi the Digger (MeEE)                       Turns: 633, Time: 00:01:14

Health: -3/26      AC:  2    Str: 11    XL:     3   Next: 64%
Magic:  5/8        EV: 13    Int: 17    God:
Gold:   48         SH:  5    Dex: 14    Spells: 7/8 levels left

rFire   . . .        e - +0 rapier
rCold   . . .        (no shield)
rNeg    . . .        a - +0 robe
rPois   .            (no helmet)
rElec   .            (no cloak)
rCorr   .            (no gloves)
SInv    .            (no boots)
Will    .....        d - amulet of reflection
Stlth   +            (no ring)
HPRegen 0.24/turn    (no ring)
MPRegen 0.11/turn

%: reflection
@: attractive, glowing
A: sense surroundings 1, otherworldly, glowing, explore regen
a: no special abilities


You were on level 2 of the Dungeon.
You visited 1 branch of the dungeon, and saw 2 of its levels.

You collected 48 gold pieces.

Inventory:

Hand Weapons
 e - a +0 rapier (weapon)
Armour
 a - a +0 robe (worn)
Jewellery
 d - an amulet of reflection (around neck)
Scrolls
 f - a scroll of brand weapon
 g - a scroll of fog {unknown}
 h - a scroll of amnesia {unknown}
Potions
 b - a potion of magic
 i - a potion of heal wounds {unknown}
 j - a potion of attraction


   Skills:
 + Level 2.9 Dodging
 + Level 1.7 Stealth
 + Level 3.1 Spellcasting
 + Level 1.9 Transmutations
 + Level 4.0 Earth Magic


You had 7 spell levels left.
You knew the following spells:

 Your Spells              Type           Power      Damage    Failure   Level
a - Sandblast             Erth           32%        2d9       3%          1

Your spell library contained the following spells:

 Spells                   Type           Power      Damage    Failure   Level
 Passwall                 Tmut/Erth      10%        N/A       8%          2
 Stone Arrow              Conj/Erth      18%        3d8       22%         3
 Petrify                  Tmut/Erth      12%        N/A       45%         4


Dungeon Overview and Level Annotations

Branches:
Dungeon (2/15) Zot: 548

Altars:


Innate Abilities, Weirdness & Mutations

You passively map a small area around you.
You are easily found by Zot.
You glow in the dark.
You regain HP and MP as you explore.


Message History

You see here 2 cyan potions.
An endoplasm is nearby!
An endoplasm is nearby!
A rat comes into view.
The endoplasm quivers.
You can't see any susceptible monsters within range! (Use Z to cast anyway.)
You can't see any susceptible monsters within range! (Use Z to cast anyway.)
You can't see any susceptible monsters within range! (Use Z to cast anyway.)
The blast of sand hits the endoplasm!
You kill the endoplasm!
Your Earth Magic skill increases to level 4!
The blast of sand hits the rat.
You kill the rat!
You can't see any susceptible monsters within range! (Use Z to cast anyway.)
j - 2 cyan potions A gnoll comes into view.
It is wielding a +0 flail.
A gnoll is nearby!
A gnoll is nearby! 2 gnolls come into view.
The gnoll shouts!
The gnoll moves out of view.
The blast of sand hits the gnoll.
The gnoll is moderately wounded.
The gnoll hits you with a +0 flail!
The blast of sand hits the gnoll but does no damage.
The gnoll is moderately wounded.
The gnoll barely misses you.
The blast of sand hits the gnoll!
The gnoll is almost dead.
The gnoll closely misses you. The gnoll hits you with a +0 flail!
Ouch! That really hurt!
* * * LOW HITPOINT WARNING * * *
You are too injured to fight recklessly!
It was a potion of attraction.
You feel attractive to monsters.
As you read the scroll labelled QIESEA ZODDEUL, it crumbles to dust.
It is a scroll of identify.
f - a scroll of brand weapon The gnoll hits you with a +0 flail!
You die...

* #..# * * ... #..# ,
... * # *
##..##########.# *
,##. #....†..>...<..#
..#####...#########..#
#.........# #.... *
.#..##...# #.... * ,
##.#..[## #.... ,
..#g@.#.##### #.... *
, ,
#.g.g.......#####....
,
#..####.##.....###...
* ,.... #.##.....#
#..# * .....,**
#.##.....# #.## .....
* #.##.....###.## ,
.... #.##.....##...#
....,* #.##..........#
, ,, .........##...#


You could see 3 gnolls.

Vanquished Creatures
  A worm (D:2)
  A dart slug (D:1)
  4 bats (D:1)
  8 endoplasms
  2 goblins (D:1)
  2 hobgoblins (D:1)
  3 kobolds (D:1)
  A frilled lizard (D:1)
  A rat (D:2)
23 creatures vanquished.

Notes
Turn   | Place    | Note
-------+----------+-------------------------------------------
     0 | D:1      | BigDaddyOpFi the Meteoran Earth Elementalist began the
                  | quest for the Orb.
     0 | D:1      | Reached XP level 1. HP: 14/14 MP: 5/5
    82 | D:1      | Reached XP level 2. HP: 20/20 MP: 3/6
   283 | D:1      | Reached XP level 3. HP: 22/26 MP: 1/8
   489 | D:1      | Glimpsed the power of Zot.
   537 | D:1      | Glimpsed the power of Zot.
   577 | D:1      | Glimpsed the power of Zot.
   622 | D:2      | Reached skill level 4 in Earth Magic
   633 | D:2      | Slain by a gnoll

Illustrated notes

Levels and vault maps discovered:
D:1:      nzn_arrival_depleted_hourglass, layout_basic
D:2:      layout_rooms, basic_altar, serial_bayou_pond_b

Skill      XL: |  1  2  3 |
---------------+----------+-----
Spellcasting   | 3 |  3.1
Earth Magic    | 4 |  4.0
Dodging        | |  2.9
Stealth        | |  1.7
Transmutations | |  1.9

Action                     || total
---------------------------++-------
   Cast: Sandblast         ||    37
    Use: Scroll            ||     1
         Potion            ||     1
 Armour: Robe              ||     2
  Dodge: Dodged            ||    10
  Block: Other             ||     2

Table legend: (Time is in decaauts)
 A = Elapsed time spent in this place.
 B = Non-inter-level travel time spent in this place.
 C = Inter-level travel time spent in this place.
 D = Time resting spent in this place.
 E = Time spent auto-exploring this place.
 F = Levels seen in this place.
 G = Mean time per level.
                   A        B        C        D        E       F      G
               +--------+--------+--------+--------+--------+-----+--------+
         Total |    650 |    575 |     75 |      0 |    450 |   2 |  325.0 |
       Dungeon |    650 |    575 |     75 |      0 |    450 |   2 |  325.0 |
               +--------+--------+--------+--------+--------+-----+--------+

Top non-repeatable levels by time:
     D:1: 593 daAuts
     D:2: 57 daAuts
